 Dungeon Crawl Stone Soup version 0.21-a0-528-gf531e82 (webtiles) character file.

287 Firecrotchwizard the Charmwright (level 6, -2/50 HPs)
             Began as a Gnoll Skald on Dec 8, 2017.
             Slain by a killer bee (6 damage)
             ... on level 3 of the Dungeon.
             The game lasted 00:10:12 (4113 turns).

Firecrotchwizard the Charmwright (Gnoll Skald)      Turns: 4113, Time: 00:10:12

Health: -2/50      AC:  8    Str: 14    XL:     6   Next: 30%
Magic:  4/14       EV: 12    Int: 17    God:
Gold:   111        SH:  0    Dex: 12    Spells: 4/15 levels left

rFire    . . .     SeeInvis .   h - +0 dagger
rCold    . . .     Gourm    .   (no shield)
rNeg     . . .     Faith    .   o - +0 ring mail
rPois    .         Spirit   .   p - +0 helmet
rElec    .         Reflect  .   (no cloak)
rCorr    .         Harm     .   e - +0 pair of gloves
MR       .....                  (no boots)
Stlth    +.........             (no amulet)
HPRegen  0.16/turn              m - -2 ring of dexterity (curse)
MPRegen  0.14/turn              (no ring)

@: lethally poisoned (-2 -> -41), infused
A: distributed training, fangs 1, strong nose
a: no special abilities


You were on level 3 of the Dungeon.
You were near starving.

You visited 1 branch of the dungeon, and saw 4 of its levels.

You collected 111 gold pieces.

Inventory:

Hand Weapons
 a - a +0 short sword
 h - a +0 dagger (weapon)
   (You took it off a goblin on level 1 of the Dungeon)
Missiles
 j - 2 throwing nets {=f, !d}
Armour
 b - a +0 leather armour
 e - a +0 pair of gloves (worn)
   (You found it on level 1 of the Dungeon)
 o - a +0 ring mail (worn)
   (You found it on level 3 of the Dungeon)
 p - a +0 helmet (worn)
   (You found it on level 3 of the Dungeon)
Jewellery
 m - a cursed -2 ring of dexterity (left hand)
   (You found it on level 2 of the Dungeon)
Wands
 q - a wand of polymorph (10)
   (You took it off an orc on level 3 of the Dungeon)
Scrolls
 i - a scroll of identify {unknown}
 k - a scroll of teleportation
Books
 c - a book of Battle
Comestibles
 d - 2 bread rations {@e1}
 f - 2 meat rations {@e2}


   Skills:
 + Level 4.9 Fighting
 + Level 4.9 Short Blades
 + Level 1.8 Long Blades
 + Level 1.8 Axes
 + Level 1.8 Maces & Flails
 + Level 1.8 Polearms
 + Level 1.8 Staves
 + Level 1.8 Slings
 + Level 1.8 Bows
 + Level 1.8 Crossbows
 + Level 1.8 Throwing
 + Level 3.2 Armour
 + Level 4.9 Dodging
 + Level 1.8 Stealth
 + Level 1.8 Shields
 + Level 1.8 Unarmed Combat
 + Level 5.3 Spellcasting
 + Level 1.4 Conjurations
 + Level 1.4 Hexes
 + Level 5.6 Charms
 + Level 1.4 Summonings
 + Level 1.4 Necromancy
 + Level 1.4 Translocations
 + Level 1.4 Transmutations
 + Level 1.4 Fire Magic
 + Level 1.4 Ice Magic
 + Level 1.4 Air Magic
 + Level 1.4 Earth Magic
 + Level 1.4 Poison Magic
 + Level 2.0 Invocations
 + Level 1.8 Evocations


You had 4 spell levels left.
You knew the following spells:

 Your Spells              Type           Power        Failure   Level  Hunger
a - Infusion              Chrm           ###.         2%          1    None
r - Regeneration          Chrm/Necr      ###.......   19%         3    ##.....
s - Shroud of Golubria    Chrm/Tloc      ###.......   10%         2    #......
z - Spectral Weapon       Hex/Chrm       ###.....     19%         3    ##.....
S - Song of Slaying       Chrm           ###.....     4%          2    #......


Dungeon Overview and Level Annotations

Branches:
Dungeon (4/15)
 Temple: D:4-7

Altars:
Fedhas
Makhleb
Wu Jian


Innate Abilities, Weirdness & Mutations

Your experience applies equally to all skills.
You have very sharp teeth.
Your uncanny sense of smell can sniff out nearby items.


Message History

The killer bee stings you but does no damage.
The killer bee stings you.
You are poisoned.
The killer bee poisons you!
You take 1 damage, and have 41/50 hp.
Space distorts slightly along a thin shroud covering your body.
You feel sick. The killer bee misses you. x2
You take 1 damage, and have 40/50 hp.
You now have 11/13 mp.
You begin infusing your attacks with magical energy.
You feel sick. The killer bee barely misses you.
Your shroud bends the killer bee's attack away.
You take 1 damage, and have 39/50 hp.
You now have 10/13 mp.
You hit the killer bee. The killer bee barely misses you.
You now have 9/13 mp.
You closely miss the killer bee.
You feel sick. The killer bee closely misses you. The killer bee stings you.
You take 6 damage, and have 33/50 hp.
You barely miss the killer bee. The killer bee misses you.
You feel sick. The killer bee barely misses you.
You take 1 damage, and have 32/50 hp.
The killer bee barely misses you.
You feel sick.
The killer bee buzzes angrily.
You hear an angry buzzing noise.
You take 1 damage, and have 32/50 hp.
The killer bee barely misses you.
You feel sick. The killer bee closely misses you. x2
The killer bee stings you but does no damage.
The killer bee misses you.
Your shroud bends the killer bee's attack away.
You take 1 damage, and have 31/50 hp.
Your shroud bends the killer bee's attack away.
The killer bee stings you.
Your shroud falls apart!
You take 6 damage, and have 25/50 hp.
There is a stone staircase leading up, spattered with blood here.
You feel sick. The killer bee misses you.
You climb upwards.
There is a stone staircase leading down here.
You draw out your weapon's spirit!
You feel sick. The killer bee stings you.
You are more poisoned.
The killer bee poisons you!
The killer bee stings you but does no damage.
The killer bee stings you.
You are more poisoned.
The killer bee poisons you! The killer bee stings you!
* * * LOW HITPOINT WARNING * * *
You are more poisoned.
The killer bee poisons you!
All of the chunks of flesh in your inventory have rotted away.
You take 14 damage, and have 11/50 hp.
MASSIVE DAMAGE!!
You now have 8/13 mp.
You feel much better.
You feel sick. The killer bee stings you.
You are more poisoned.
The killer bee poisons you!
The killer bee stings you but does no damage.
The killer bee stings you.
* * * LOW HITPOINT WARNING * * *
You are more poisoned.
The killer bee poisons you! The killer bee stings you.
* * * LOW HITPOINT WARNING * * *
You feel much better.
You feel very sick.
The killer bee stings you but does no damage.
The killer bee barely misses you. The killer bee stings you.
The killer bee stings you but does no damage.
You regained 16 hp, and now have 28/50 hp.
You hit the killer bee.
You feel very sick.
Your spectral weapon hits the killer bee.
The killer bee closely misses you.
The killer bee stings you but does no damage.
You take 3 damage, and have 25/50 hp.
You now have 7/13 mp.
Unknown command.
You hit the killer bee. Your bite misses the killer bee.
You feel sick.
Your spectral weapon misses the killer bee.
The killer bee stings you.
The killer bee stings you but does no damage.
The killer bee stings you. The killer bee closely misses you.
You take 9 damage, and have 16/50 hp.
You now have 6/13 mp.
You hit the killer bee.
* * * LOW HITPOINT WARNING * * *
You feel sick.
Your spectral weapon hits the killer bee.
You kill the killer bee!
The killer bee stings you but does no damage.
You take 2 damage, and have 14/50 hp.
You now have 5/14 mp.
* * * LOW HITPOINT WARNING * * *
You feel very sick. The killer bee stings you.
* * * LOW HITPOINT WARNING * * *
You are more poisoned.
The killer bee poisons you!
You take 7 damage, and have 7/50 hp.
You hit the killer bee.
* * * LOW HITPOINT WARNING * * *
You feel very sick.
Your spectral weapon misses the killer bee.
The killer bee stings you.
You die...

#########.###...........)...#
...##.....# #(..............#
...#..##### #...............#
.......#######.............##
....##....[))##.....#.....##
..##########..#############
#...#########.)..#
..........# ####.#
##.....##.### #(@#
####.(##...###y##
##........#.# #####
#.######.#.# #...# ######.#
#.((# #...# 2#_....# #...##
#...# ######## ##...###...#
#..########........# #
##.....#.....).#...#


You could see a killer bee and a friendly spectral dagger.

Vanquished Creatures
  A killer bee (D:3)
  A hound (D:2)
  Natasha (D:4)
  A worker ant (D:4)
  5 gnolls
  2 adders
  An ooze (D:2)
  2 dart slugs
  2 leopard geckos (D:2)
  11 orcs (D:3)
  6 bats
  4 giant cockroaches
  9 goblins
  2 hobgoblins
  10 jackals
  3 quokkas
  4 frilled lizards
  8 kobolds
  A leopard gecko zombie (D:2)
  2 rats
76 creatures vanquished.

Notes
Turn   | Place    | Note
-------+----------+-------------------------------------------
     0 | D:1      | Firecrotchwizard the Gnoll Skald began the quest for the Orb.
     0 | D:1      | Reached XP level 1. HP: 20/20 MP: 6/6
    29 | D:1      | Reached XP level 2. HP: 26/26 MP: 7/7
   247 | D:1      | Reached XP level 3. HP: 19/31 MP: 9/9
   366 | D:1      | Learned a level 2 spell: Shroud of Golubria
   370 | D:1      | Learned a level 3 spell: Regeneration
   374 | D:1      | Learned a level 3 spell: Spectral Weapon
   377 | D:1      | Learned a level 2 spell: Song of Slaying
   446 | D:1      | Reached skill level 5 in Spellcasting
  1246 | D:2      | Reached skill level 1 in Invocations
  1581 | D:2      | Reached skill level 1 in Long Blades
  1581 | D:2      | Reached skill level 1 in Axes
  1581 | D:2      | Reached skill level 1 in Maces & Flails
  1581 | D:2      | Reached skill level 1 in Polearms
  1581 | D:2      | Reached skill level 1 in Staves
  1581 | D:2      | Reached skill level 1 in Slings
  1581 | D:2      | Reached skill level 1 in Bows
  1581 | D:2      | Reached skill level 1 in Crossbows
  1581 | D:2      | Reached skill level 1 in Throwing
  1581 | D:2      | Reached skill level 1 in Stealth
  1581 | D:2      | Reached skill level 1 in Shields
  1581 | D:2      | Reached skill level 1 in Unarmed Combat
  1581 | D:2      | Reached skill level 1 in Evocations
  1650 | D:2      | Reached XP level 4. HP: 38/38 MP: 3/11
  1817 | D:2      | Reached skill level 1 in Conjurations
  1817 | D:2      | Reached skill level 1 in Hexes
  1817 | D:2      | Reached skill level 1 in Summonings
  1817 | D:2      | Reached skill level 1 in Necromancy
  1817 | D:2      | Reached skill level 1 in Translocations
  1817 | D:2      | Reached skill level 1 in Transmutations
  1817 | D:2      | Reached skill level 1 in Fire Magic
  1817 | D:2      | Reached skill level 1 in Ice Magic
  1817 | D:2      | Reached skill level 1 in Air Magic
  1817 | D:2      | Reached skill level 1 in Earth Magic
  1817 | D:2      | Reached skill level 1 in Poison Magic
  2309 | D:3      | Reached XP level 5. HP: 43/43 MP: 7/12
  2401 | D:3      | Found a blossoming altar of Fedhas.
  2749 | D:3      | Found a burning altar of Makhleb.
  2749 | D:3      | Noticed a balrug
  2837 | D:3      | Reached skill level 3 in Armour
  3266 | D:3      | Found an ornate altar of the Wu Jian Council.
  3789 | D:4      | Noticed Natasha
  3799 | D:4      | Killed Natasha
  3885 | D:4      | Reached skill level 2 in Invocations
  3885 | D:4      | Reached XP level 6. HP: 15/50 MP: 6/13
  4106 | D:3      | HP: 11/50 [killer bee (8)]
  4112 | D:3      | HP: 11/50 [poisoned by a killer bee]
  4113 | D:3      | HP: 4/50 [poisoned by a killer bee]
  4113 | D:3      | Slain by a killer bee

Vault maps used:
D:1:      dpeg_arrival_round_a
D:3:      nicolae_overflow_crystal_walls, makhleb_altar_promises_db,
          fedhas_altar_2
D:4:      first_bread, uniq_natasha

Skill      XL: |  1  2  3  4  5 |
---------------+----------------+-----
Spellcasting   | 5 |  5.3
Invocations    | 1 2 |  2.0
Long Blades    | 1 |  1.8
Axes           | 1 |  1.8
Maces & Flails | 1 |  1.8
Polearms       | 1 |  1.8
Staves         | 1 |  1.8
Slings         | 1 |  1.8
Bows           | 1 |  1.8
Crossbows      | 1 |  1.8
Throwing       | 1 |  1.8
Stealth        | 1 |  1.8
Shields        | 1 |  1.8
Unarmed Combat | 1 |  1.8
Evocations     | 1 |  1.8
Conjurations   | 1 |  1.4
Hexes          | 1 |  1.4
Summonings     | 1 |  1.4
Necromancy     | 1 |  1.4
Translocations | 1 |  1.4
Transmutations | 1 |  1.4
Fire Magic     | 1 |  1.4
Ice Magic      | 1 |  1.4
Air Magic      | 1 |  1.4
Earth Magic    | 1 |  1.4
Poison Magic   | 1 |  1.4
Armour         | 3 |  3.2
Fighting       | |  4.9
Short Blades   | |  4.9
Dodging        | |  4.9
Charms         | |  5.6

Action                   |  1- 3 |  4- 6 || total
-------------------------+-------+-------++-------
Melee: Short sword       |    37 |       ||    37
       Dagger            |   141 |   259 ||   400
       Bite              |    18 |    24 ||    42
       Punch             |       |     2 ||     2
       Unarmed           |       |     8 ||     8
 Cast: Infusion          |     3 |     9 ||    12
       Shroud of Golubri |     2 |     9 ||    11
       Spectral Weapon   |       |     1 ||     1
  Use: Scroll            |       |     4 ||     4
       Potion            |       |     3 ||     3
 Stab: Sleeping          |     2 |     3 ||     5
  Eat: Chunk             |     2 |     7 ||     9
Armor: Leather armour    |    43 |    14 ||    57
       Ring mail         |       |    37 ||    37
Dodge: Dodged            |   121 |   142 ||   263

Table legend:
 A = Spawn XP
 B = Non-spawn XP
 C = Spawn XP percentage of total XP
 D = Spawn monster count
 E = Non-spawn monster count
 F = Spawn count percentage of total count
 G = Total turns spent on level
                    A         B        C        D         E        F      G
               +---------+---------+-------+---------+---------+-------+---------
         Total |       0 |     410 |   0.0 |       0 |      76 |   0.0 |  4113
               +---------+---------+-------+---------+---------+-------+---------
           D:1 |       0 |      46 |   0.0 |       0 |      20 |   0.0 |  1025
           D:2 |       0 |     103 |   0.0 |       0 |      23 |   0.0 |  1259
           D:3 |       0 |     192 |   0.0 |       0 |      31 |   0.0 |  1511
           D:4 |       0 |      69 |   0.0 |       0 |       2 |   0.0 |   318
               +---------+---------+-------+---------+---------+-------+---------

Vault maps used:
D:1:      dpeg_arrival_round_a
D:3:      nicolae_overflow_crystal_walls, makhleb_altar_promises_db,
          fedhas_altar_2
D:4:      first_bread, uniq_natasha

Table legend:
 A = Turns spent in this place as a percentage of turns spent in the entire game.
 B = Non-inter-level travel turns spent in this place as a percentage of non-inter-level travel turns spent in the entire game.
 C = Inter-level travel turns spent in this place as a percentage of turns spent in this place.
 D = Turns resting spent in this place as a percentage of non-inter-level travel turns spent in this place.
 E = Turns spent auto-exploring this place as a percentage of non-inter-level travel turns spent in this place.
 F = Non-inter-level travel turns spent in this place divided by the number of levels of this place that you've seen.
                   A       B       C       D       E      F
               +-------+-------+-------+-------+-------+----------------------
         Total | 100.0 | 100.0 |   2.9 |  37.9 |  40.3 | 998.8
       Dungeon | 100.0 | 100.0 |   2.9 |  37.9 |  40.3 | 998.8
               +-------+-------+-------+-------+-------+----------------------

Table legend:
 A = Kills in this place as a percentage of kills in entire the game.
 B = Kills by you in this place as a percentage of kills by you in the entire game.
 C = Kills by friends in this place as a percentage of kills by friends in the entire game.
 D = Other kills in this place as a percentage of other kills in the entire game.
 E = Experience gained in this place as a percentage of experience gained in the entire game.
 F = Experience gained in this place divided by the number of levels of this place that you have seen.
                   A       B       C       D       E      F
               +-------+-------+-------+-------+-------+----------------------
         Total | 100.0 | 100.0 |   N/A |   N/A | 100.0 | 102.5
       Dungeon | 100.0 | 100.0 |   N/A |   N/A | 100.0 | 102.5
               +-------+-------+-------+-------+-------+----------------------
